AoeStats
← 76896859

Arabia

505321615Analyzed
2v2 RM · 23d ago on Sep 8, 2026· 39m 23s· 4 players
Game mode
Random Map
Map size
Medium (4 player)
Population
200
Speed
Normal
Resources
Standard
Victory
Conquest
Starting age
Dark Age
Ending age
Imperial Age
RankedLock teamsTeams togetherTeam positionsShared explorationLock speedFull tech treeHidden civsTurbo modeCheats
Victory
Defeat
🇩🇪 Georgians · Germany
1049
+17
🇨🇳 Huns · China
995
+20
🇩🇪 Berbers · Germany
1078
-19
🇩🇪 Sicilians · Germany
1075
-18
kert_qt
9:17 Feudal Age
11:27 Loom
20:05 Castle Age
18:58 Scale Barding Armor
19:05 Double-Bit Axe
19:01 Horse Collar
19:57 Forging
25:16 Bow Saw
29:19 Wheelbarrow
29:03 Heavy Plow
30:44 Hand Cart
31:29 Fletching
31:40 Padded Archer Armor
31:45 Husbandry
31:56 Bloodlines
33:30 Bodkin Arrow
33:45 Town Watch
37:31 Imperial Age
35:19 Gold Mining
35:22 Stone Mining
36:22 Ballistics
37:38 Stone Shaft Mining
37:43 Heavy Cavalry Archer
38:28 Bracer
40:09 Chemistry
76896859
5:36 Loom
9:54 Feudal Age
10:58 Double-Bit Axe
10:56 Horse Collar
17:45 Fletching
18:33 Wheelbarrow
24:57 Castle Age
23:50 Bloodlines
24:33 Scale Barding Armor
25:13 Forging
25:21 Gold Mining
27:04 Heavy Plow
27:17 Bow Saw
29:05 Hand Cart
30:17 Gold Shaft Mining
30:30 Husbandry
30:24 Town Watch
34:32 Chain Barding Armor
36:14 Iron Casting
36:00 Stone Mining
42:06 Imperial Age
Quatsch
5:16 Loom
11:00 Feudal Age
19:13 Horse Collar
25:42 Wheelbarrow
33:23 Castle Age
34:06 Double-Bit Axe
36:12 Heavy Plow
38:09 Bloodlines
38:07 Scale Barding Armor
39:21 Forging
dr_bounty
7:03 Loom
9:28 Feudal Age
12:04 Wheelbarrow
11:22 Double-Bit Axe
12:23 Wheelbarrow
17:39 Town Watch
19:54 Horse Collar
20:21 Stone Mining
22:55 Castle Age
22:33 Scale Mail Armor
24:11 Squires
26:47 Chain Mail Armor
25:59 Pikeman
31:21 Forging
32:01 Fletching
Connection lost

Rejoining the realm…

Still unreachable

The connection could not be restored.

Session expired

The server has moved on; the page needs a fresh start.